 Dungeon Crawl Stone Soup version 0.25.0-9-g26727b657a (webtiles) character file.

Game seed: 13571582157250439924

1502 gruber the Grappler (level 8, 0/74 HPs)
             Began as a Troll Fighter on June 16, 2020.
             Was an Initiate of Ru.
             Slain by an eight-headed hydra (1 damage)
             ... on level 7 of the Dungeon.
             The game lasted 00:07:05 (4661 turns).

gruber the Grappler (Troll Fighter)                 Turns: 4661, Time: 00:07:05

Health: 0/74       AC:  7    Str: 27    XL:     8   Next: 52%
Magic:  7/7        EV:  9    Int:  4    God:    Ru [......]
Gold:   417        SH:  9    Dex:  9    Spells: 7/7 levels left

rFire    . . .     SeeInvis .     - Unarmed
rCold    . . .     Gourm    +   b - +0 kite shield
rNeg     . . .     Faith    .   a - +0 robe
rPois    .         Spirit   .   (helmet restricted)
rElec    .         Reflect  .   s - +0 cloak
rCorr    .         Harm     .   (gloves unavailable)
MR       .....                  (boots unavailable)
Stlth    +.........             (no amulet)
HPRegen  0.62/turn              (no ring)
MPRegen  0.10/turn              (no ring)

@: no status effects
A: large, unfitting armour, claws 3, fast metabolism 3, gourmand, regeneration
1, shaggy fur 1, tough skin 3
a: Renounce Religion


You were on level 7 of the Dungeon.
You worshipped Ru.
Ru was noncommittal.
You were completely stuffed.

You visited 2 branches of the dungeon, and saw 8 of its levels.

You collected 417 gold pieces.

Inventory:

Missiles
 l - 8 javelins (quivered)
 n - 7 boomerangs of dispersal
Armour
 a - a +0 robe (worn)
 b - a +0 kite shield (worn)
 s - a +0 cloak (worn)
Wands
 o - a wand of polymorph (5)
 E - a wand of enslavement (6)
Scrolls
 e - 2 scrolls of amnesia {unknown}
 f - 8 scrolls of identify {unknown}
 h - 4 scrolls of teleportation {unknown}
 i - 3 scrolls of fog {unknown}
 k - 4 scrolls of random uselessness {unknown}
 m - 5 scrolls of remove curse {unknown}
 p - 3 scrolls of fear {unknown}
 q - 2 scrolls of enchant weapon {unknown}
 r - a scroll of blinking {unknown}
 v - a scroll of enchant armour {unknown}
 x - 2 scrolls of immolation {unknown}
 y - a scroll of noise {unknown}
Potions
 c - 2 potions of might
 g - 2 potions of resistance {unknown}
 j - 3 potions of lignification {unknown}
 t - 3 potions of curing {unknown}
 u - 3 potions of flight {unknown}
 w - a potion of magic {unknown}
 z - 3 potions of cancellation {unknown}
 A - 2 potions of heal wounds {unknown}
 B - a potion of mutation {unknown}
 C - a potion of stabbing {unknown}
 F - a potion of brilliance {unknown}
Comestibles
 d - 15 rations
 D - 2 chunks of flesh


   Skills:
 - Level 2.4 Fighting
 + Level 3.5 Dodging
 + Level 3.4 Shields
 - Level 10.0 Unarmed Combat


You had 7 spell levels left.
You didn't know any spells.
Your spell library contained the following spells:

 Spells                   Type           Power        Failure   Level  Hunger
 Magic Dart               Conj           #...         88%         1    ##.....
 Blink                    Tloc           N/A          96%         2    ###....
 Call Imp                 Summ           #.......     96%         2    ###....
 Passwall                 Tmut/Erth      #.......     96%         2    ###....
 Slow                     Hex            #.......     96%         2    ###....
 Swiftness                Chrm/Air       #.......     96%         2    ###....
 Confusing Touch          Hex            #.......     99%         3    ####...
 Conjure Flame            Conj/Fire      #.......     99%         3    ####...
 Gell's Gravitas          Tloc           #.........   99%         3    ####...
 Mephitic Cloud           Conj/Pois/Air  #.......     99%         3    ####...
 Passage of Golubria      Tloc           N/A          100%        4    #####..
 Petrify                  Tmut/Erth      #.......     100%        4    #####..
 Lee's Rapid Deconstruct  Erth           #.........   100%        5    ######.
 Metabolic Englaciation   Hex/Ice        #.........   100%        5    ######.
 Yara's Violent Unravell  Hex/Tmut       #.........   100%        5    ######.
 Darkness                 Hex            #.........   100%        6    #######
 Invisibility             Hex            #.......     100%        6    #######


Dungeon Overview and Level Annotations

Branches:
Dungeon (7/15)             Temple (1/1) D:5

Altars:
Ashenzari
Dithmenos
Elyvilon
Fedhas
Gozag
Hepliaklqana
Makhleb
Nemelex Xobeh
Okawaru
Qazlal
Ru
Sif Muna
Trog
Uskayaw
Vehumet
Wu Jian
Xom
Yredelemnul
Zin
The Shining One


Innate Abilities, Weirdness & Mutations

You are too large for most types of armour.
You have claws for hands.
Your metabolism is lightning-fast.
You like to eat raw meat.
Your natural rate of healing is unusually fast.
You are covered in fur. (AC +1)
You have extremely tough skin. (AC +3)


Message History

The eight-headed hydra bites you!
* * * LOW HITPOINT WARNING * * *
You block the eight-headed hydra's attack.
The eight-headed hydra bites you.
* * * LOW HITPOINT WARNING * * *
You block the eight-headed hydra's attack.
The eight-headed hydra bites you!
* * * LOW HITPOINT WARNING * * *
Unknown command.
Unknown command.
There's nothing to close nearby.
Evoke which item? (* to show all) (? for menu, Esc to quit)
Aiming: Enslavement
Press: ? - help, Shift-Dir - straight line, f/p - eight-headed hydra
Aim: an eight-headed hydra (heavily wounded, chance to defeat MR: 15%)
The eight-headed hydra resists with almost no effort.
The eight-headed hydra bites you.
* * * LOW HITPOINT WARNING * * *
The eight-headed hydra bites you.
You die...

.. #.# #.# #.#
#.# ######
#.#########.#
......
.....oD@....#
.######
#.########..#
......####.
#..#
..###.#...#
#..# ..#
#.#...# ## #..#
รท.###.#...#..#
#..#
......#.^.....
#..#
.#............
#..########
..............
#..........


You could see an eight-headed hydra and an orc.

Vanquished Creatures
  Menkaure (D:6)
  A sky beast (D:2)
  An orc warrior (D:6)
  2 bullfrogs
  A scorpion (D:4)
  5 crimson imps
  A bullfrog zombie (D:5)
  A hound (D:5)
  A centaur skeleton (D:6)
  Crazy Yiuf (D:2)
  2 orc priests (D:6)
  A jelly (D:5)
  5 orc wizards
  Natasha (thrice) (D:4)
  4 worker ants
  2 hound skeletons
  7 gnolls
  2 howler monkey skeletons (D:5)
  7 adders
  A shadow imp (D:5)
  An ooze (D:6)
  An adder skeleton (D:4)
  3 worms
  A dart slug (D:1)
  5 leopard geckos
  23 orcs
  7 giant cockroaches
  6 goblins
  9 hobgoblins
  3 jackals (D:3)
  2 quokkas
  2 ball pythons
  12 bats
  6 frilled lizards
  A giant cockroach zombie (D:6)
  7 kobolds
  A leopard gecko skeleton (D:6)
  8 rats
147 creatures vanquished.

Notes
Turn   | Place    | Note
-------+----------+-------------------------------------------
     0 | D:1      | gruber the Troll Fighter began the quest for the Orb.
     0 | D:1      | Reached XP level 1. HP: 22/22 MP: 0/0
   116 | D:1      | Reached XP level 2. HP: 29/29 MP: 1/1
   152 | D:1      | Reached skill level 3 in Unarmed Combat
   597 | D:1      | Reached XP level 3. HP: 36/36 MP: 2/2
   741 | D:2      | Noticed a sky beast
   750 | D:2      | Killed a sky beast
   750 | D:2      | Reached skill level 5 in Unarmed Combat
   750 | D:2      | Reached XP level 4. HP: 34/44 MP: 3/3
   837 | D:2      | Reached XP level 5. HP: 46/50 MP: 4/4
  1077 | D:2      | Found a runed translucent door.
  1078 | D:2      | Noticed Crazy Yiuf
  1084 | D:2      | Killed Crazy Yiuf
  1195 | D:2      | Reached skill level 6 in Unarmed Combat
  1467 | D:3      | Found a hazy altar of Hepliaklqana.
  1670 | D:3      | Reached XP level 6. HP: 57/59 MP: 5/5
  2045 | D:4      | Reached skill level 7 in Unarmed Combat
  2461 | D:4      | Noticed Natasha
  2465 | D:4      | Killed Natasha
  2465 | D:4      | Reached XP level 7. HP: 58/66 MP: 6/6
  2634 | D:4      | Noticed Natasha
  2640 | D:4      | Killed Natasha
  2640 | D:4      | Reached skill level 8 in Unarmed Combat
  2654 | D:4      | Found a burning altar of Makhleb.
  2655 | D:4      | Found a shimmering altar of Xom.
  2696 | D:4      | Noticed Natasha
  2706 | D:4      | Killed Natasha
  2813 | D:5      | Entered Level 5 of the Dungeon
  3006 | D:5      | Found a staircase to the Ecumenical Temple.
  3023 | Temple   | Entered the Ecumenical Temple
  3415 | D:5      | Reached skill level 9 in Unarmed Combat
  3423 | D:5      | Found a stormy altar of Qazlal.
  3625 | D:5      | Found a sacrificial altar of Ru.
  3625 | D:5      | Found a shattered altar of Ashenzari.
  3630 | D:5      | Found an opulent altar of Gozag.
  3632 | D:5      | Found a radiant altar of Vehumet.
  3633 | D:5      | Found a white marble altar of Elyvilon.
  3643 | D:5      | Became a worshipper of Ru the Awakened
  3743 | D:6      | Reached XP level 8. HP: 38/74 MP: 7/7
  3942 | D:6      | Reached skill level 10 in Unarmed Combat
  3982 | D:6      | Noticed Menkaure
  3990 | D:6      | Killed Menkaure
  4655 | D:7      | Noticed a seven-headed hydra
  4660 | D:7      | HP: 2/74 [eight-headed hydra (14)]
  4661 | D:7      | Slain by an eight-headed hydra

Illustrated notes

Levels and vault maps discovered:
D:1:      grunt_arrival_crossed_arrows, layout_basic, minmay_distorted
D:2:      layout_basic, first_ration, uniq_crazy_yiuf_cottage
D:3:      layout_rooms, lemuel_crystal_altar
D:4:      layout_gridville, grunt_temple_overflow_champion_of_chaos,
          uniq_natasha
D:5:      layout_basic, chequers_temple_overflow_minitemple,
          minmay_temple_entry_mini_moons, serial_bayou_pond_a,
          grunt_qazlal_clouds
D:6:      layout_loops_ring, uniq_menkaure
D:7:      layout_basic, grunt_temple_overflow_open, serial_shops,
          nicolae_shop_temple_entry_statues_fountains, uniq_maggie, uniq_duvessa
Temple:   nicolae_temple_hex_pool

Skill      XL: |  1  2  3  4  5  6  7  8 |
---------------+-------------------------+-----
Unarmed Combat | 3 5 6 7 9 10 | 10.0
Dodging        | 3 |  3.5
Shields        | 3 |  3.4
Fighting       | |  2.4

Action                   |  1- 3 |  4- 6 |  7- 9 || total
-------------------------+-------+-------+-------++-------
Melee: Unarmed           |    94 |   166 |   155 ||   415
Evoke: Wand              |       |       |     2 ||     2
 Stab: Sleeping          |       |     1 |     1 ||     2
  Eat: Chunk             |    12 |    16 |    21 ||    49
Armor: Robe              |    72 |    55 |    27 ||   154
Dodge: Dodged            |    39 |    59 |    36 ||   134
Block: Kite shield       |    52 |    61 |    42 ||   155
